 Dungeon Crawl Stone Soup version 0.23.0 (webtiles) character file.

Game seed: 7001537510336714855

686 xspdi the Chopper (level 7, -4/81 HPs)
             Began as a Minotaur Berserker on Feb 15, 2019.
             Was a Priest of Trog.
             Slain by a troll (13 damage)
             ... on level 5 of the Dungeon.
             The game lasted 00:17:32 (3240 turns).

xspdi the Chopper (Minotaur Berserker)              Turns: 3240, Time: 00:17:32

Health: -4/81      AC:  7    Str: 28 (29) XL:     7   Next: 35%
Magic:  6/6        EV: 10    Int:  0 (2)  God:    Trog [***...]
Gold:   258        SH: 16    Dex:  9      Spells: 6/6 levels left

rFire    . . .     SeeInvis .   h - +0 broad axe
rCold    + . .     Gourm    .   o - +1 shield
rNeg     . . .     Faith    .   p - +1 leather armour {MR+}
rPois    .         Spirit   .   (helmet restricted)
rElec    .         Reflect  +   u - +2 cloak
rCorr    .         Harm     .   (no gloves)
MR       +....                  (no boots)
Stlth    ..........             m - +5 amulet of reflection
HPRegen  0.63/turn              (no ring)
MPRegen  0.10/turn              (no ring)

@: berserking, slowed, lost intelligence
A: retaliatory headbutt, horns 2, cold resistance 1, dopey 1, frail 1,
regeneration 1
a: Berserk, Trog's Hand, Renounce Religion


You were on level 5 of the Dungeon.
You worshipped Trog.
Trog was most pleased with you.
You were very hungry.

You visited 1 branch of the dungeon, and saw 5 of its levels.

You collected 258 gold pieces.

Inventory:

Hand Weapons
 a - a +0 hand axe
 h - a +0 broad axe (weapon)
Missiles
 e - 136 stones (quivered)
Armour
 o - a +1 shield (worn)
 p - a +1 leather armour of magic resistance (worn)
 u - a +2 cloak (worn)
Jewellery
 m - a +5 amulet of reflection (around neck)
Wands
 t - a wand of digging (4)
Scrolls
 d - 2 scrolls of identify {unknown}
 f - a scroll of teleportation
 g - a scroll of fear {unknown}
 j - a scroll of enchant armour
 n - a scroll of immolation {unknown}
 s - 2 scrolls of remove curse
Potions
 b - a potion of degeneration
 i - a potion of ambrosia
 k - a potion of agility
 r - 2 potions of curing {unknown}
Comestibles
 c - 4 rations
 l - 7 chunks of flesh


   Skills:
 + Level 5.4 Fighting
 * Level 6.9 Axes
 + Level 4.7 Armour
 - Level 2.1 Dodging
 * Level 4.8 Shields


You had 6 spell levels left.
You didn't know any spells.
Your spell library was empty.

Dungeon Overview and Level Annotations

Branches:
Dungeon (5/15)
 Temple: D:4-7

Altars:
Gozag
Hepliaklqana
Makhleb
Trog
Xom
Zin


Innate Abilities, Weirdness & Mutations

You reflexively headbutt those who attack you in melee.
You have a pair of horns on your head.
Your flesh is cold resistant. (rC+)
You are dopey. (Int -2)
You are frail. (-10% HP)
Your natural rate of healing is unusually fast.


Message History

You are too injured to fight recklessly!
You are too injured to fight recklessly!
You are too injured to fight recklessly!
You are too injured to fight recklessly!
You are too injured to fight recklessly!
You are too injured to fight recklessly!
You block the troll's attack. The troll closely misses you.
The troll claws you. The troll bites you.
* * * LOW HITPOINT WARNING * * *
The troll claws you!
* * * LOW HITPOINT WARNING * * *
The troll closely misses you.
You hear the slow rusting of a very distant drain.
A red film seems to cover your vision as you go berserk!
You feel yourself moving faster!
You feel mighty!
You are feeling very hungry.
You block the troll's attack. x2; The troll claws you but does no damage.
The troll bites you!
You die...

#.# #.# #.#
######.#########
#.......#.......
######.......#.......
#............#.......
#.####....@T...$.....
#.#.....#.$.....
#.####..#.#####.
#.....)†#.# .#.
######.##.. [...
##'#### #.. ##...##
#.. ##.....## #.##
#.......## #..##


You could see a troll.

Vanquished Creatures
  A phantom (D:3)
  An ogre (D:5)
  A scorpion (D:5)
  A howler monkey (D:4)
  3 orc priests (D:4)
  2 orc wizards
  An iguana (D:4)
  A hound zombie (D:4)
  A hound skeleton (D:4)
  4 gnolls (D:3)
  8 adders
  6 worms
  A dart slug (D:2)
  5 orcs
  3 ball pythons
  6 giant cockroaches
  11 goblins
  14 hobgoblins
  14 jackals
  9 kobolds
  A quokka (D:3)
  5 bats
  2 frilled lizards
  3 rats
104 creatures vanquished.

Notes
Turn   | Place    | Note
-------+----------+-------------------------------------------
     0 | D:1      | xspdi the Minotaur Berserker began the quest for the Orb.
     0 | D:1      | Reached XP level 1. HP: 19/19 MP: 0/0
   202 | D:1      | Reached skill level 4 in Axes
   245 | D:1      | Reached XP level 2. HP: 26/27 MP: 1/1
   865 | D:2      | Reached ** piety under Trog
   917 | D:2      | Reached XP level 3. HP: 33/33 MP: 2/2
  1245 | D:2      | Reached skill level 1 in Shields
  1263 | D:2      | Found a shimmering altar of Xom.
  1264 | D:2      | Found a hazy altar of Hepliaklqana.
  1264 | D:2      | Noticed a yak
  1265 | D:2      | Noticed a yak
  1265 | D:2      | Noticed a spectral ugly thing
  1474 | D:2      | Reached XP level 4. HP: 18/40 MP: 3/3
  1870 | D:3      | Noticed a phantom
  1903 | D:3      | Killed a phantom
  1903 | D:3      | Reached skill level 5 in Axes
  1903 | D:3      | Reached XP level 5. HP: 37/47 MP: 4/4
  2164 | D:3      | Reached *** piety under Trog
  2184 | D:3      | Gained mutation: Your flesh is cold resistant. (rC+)
                  | [potion of mutation]
  2184 | D:3      | Lost intelligence.
  2184 | D:3      | Gained mutation: You are dopey. (Int -2) [potion of
                  | mutation]
  2184 | D:3      | Gained mutation: You are frail. (-10% HP) [potion of
                  | mutation]
  2184 | D:3      | Gained mutation: Your natural rate of healing is unusually
                  | fast. [potion of mutation]
  2532 | D:3      | Reached XP level 6. HP: 42/47 MP: 5/5
  2644 | D:4      | Found an opulent altar of Gozag.
  2684 | D:4      | Reached skill level 6 in Axes
  2686 | D:4      | Reached skill level 5 in Fighting
  2834 | D:4      | Found a glowing silver altar of Zin.
  2834 | D:4      | Found a burning altar of Makhleb.
  2835 | D:4      | Noticed a balrug
  2835 | D:4      | Noticed an angel
  3002 | D:4      | Received a gift from Trog
  3002 | D:4      | Reached XP level 7. HP: 54/54 MP: 6/6
  3010 | D:4      | Found a bloodstained altar of Trog.
  3178 | D:5      | Entered Level 5 of the Dungeon
  3190 | D:5      | Noticed a troll
  3240 | D:5      | Slain by a troll

Skill      XL: |  1  2  3  4  5  6 |
---------------+-------------------+-----
Axes           | 4 5 6 |  6.9
Fighting       | 4 5 |  5.4
Armour         | 3 4 |  4.7
Shields        | 1 2 3 4 |  4.8
Dodging        | |  2.1

Action                   |  1- 3 |  4- 6 |  7- 9 || total
-------------------------+-------+-------+-------++-------
Melee: Hand axe          |    90 |    62 |       ||   152
       Headbutt          |    17 |    22 |     1 ||    40
       Broad axe         |       |    63 |    15 ||    78
Throw: Stone             |       |     2 |       ||     2
Invok: Berserk           |     1 |     5 |     1 ||     7
  Use: Scroll            |     4 |     1 |       ||     5
       Potion            |       |     6 |       ||     6
  Eat: Chunk             |     3 |     4 |     1 ||     8
       Ration            |       |     2 |       ||     2
Armor: Animal skin       |     3 |       |       ||     3
       Leather armour    |    29 |    38 |     4 ||    71
Dodge: Dodged            |    34 |    61 |     8 ||   103
Block: Shield            |    13 |   116 |    23 ||   152
